 Dungeon Crawl Stone Soup version 0.27-a0-1548-gf8a67e7463 (webtiles) character file.

Game seed: 2402590630459327876

1455 freelancePsychic the Cleaver (level 8, 0/73 HPs)
             Began as a Minotaur Fighter on July 14, 2021.
             Was a Follower of Uskayaw.
             Slain by Sigmund (2 damage)
             ... on level 6 of the Dungeon.
             The game lasted 00:07:38 (4804 turns).

freelancePsychic the Cleaver (Minotaur Fighter)     Turns: 4804, Time: 00:07:39

Health: 0/73       AC: 11    Str: 22    XL:     8   Next: 47%
Magic:  10/10      EV:  7    Int:  5    God:    Uskayaw [*.....]
Gold:   289        SH:  9    Dex: 11    Spells: 7/7 levels left

rFire    . . .     SeeInvis .   a - +0 war axe
rCold    . . .     Faith    .   c - +0 kite shield
rNeg     . . .     Spirit   .   b - +1 scale mail
rPois    .         Reflect  .   (helmet restricted)
rElec    .         Harm     .   (no cloak)
rCorr    .         Rampage  .   (no gloves)
Will     .....                  h - +2 pair of boots
Stlth    ..........             (no amulet)
HPRegen  0.22/turn              (no ring)
MPRegen  0.12/turn              (no ring)

@: no status effects
A: horns 2, retaliatory headbutt
a: Renounce Religion, Stomp


You were on level 6 of the Dungeon.
You worshipped Uskayaw.
Uskayaw was noncommittal.
You visited 1 branch of the dungeon, and saw 6 of its levels.
You also visited: Sewer.

You collected 289 gold pieces.

Inventory:

Hand Weapons
 a - a +0 war axe (weapon)
Armour
 b - a +1 scale mail (worn)
 c - a +0 kite shield (worn)
 h - a +2 pair of boots (worn)
Jewellery
 m - a ring of protection from cold
 s - a ring of protection from cold
Scrolls
 e - a scroll of magic mapping
 n - a scroll of enchant weapon
 r - a scroll of vulnerability {unknown}
Potions
 d - a potion of might
 f - 3 potions of heal wounds {@q2}
 g - 2 potions of curing {unknown}
 i - a potion of cancellation {unknown}
 j - a potion of invisibility {unknown}
 k - a potion of magic {unknown}
 l - 2 potions of flight {unknown}
 o - 2 potions of lignification {unknown}
 p - 2 potions of degeneration {unknown}
 q - a potion of brilliance {unknown}
 t - a potion of haste {unknown}
 u - 2 potions of mutation {unknown}


   Skills:
 + Level 7.3 Fighting
 * Level 9.3 Axes
 - Level 4.0 Armour
 - Level 3.7 Shields
 + Level 4.6 Invocations


You had 7 spell levels left.
You didn't know any spells.
Your spell library contained the following spells:

 Spells                   Type           Power      Damage    Failure   Level
 Beastly Appendage        Tmut           0%         N/A       99%         1
 Blink                    Tloc           N/A        N/A       100%        2
 Static Discharge         Conj/Air       0%         N/A       100%        2
 Wereblood                Tmut           0%         N/A       100%        2
 Frozen Ramparts          Ice            0%         1d2       100%        3
 Lesser Beckoning         Tloc           0%         N/A       100%        3
 Portal Projectile        Hex/Tloc       0%         N/A       100%        3
 Spider Form              Tmut/Pois      0%         N/A       100%        3
 Ice Form                 Ice/Tmut       0%         N/A       100%        4
 Summon Ice Beast         Ice/Summ       0%         N/A       100%        4
 Blade Hands              Tmut           0%         N/A       100%        5
 Excruciating Wounds      Necr           0%         N/A       100%        5
 Lightning Bolt           Conj/Air       0%         1d11      100%        5
 Manifold Assault         Tloc           0%         N/A       100%        5
 Maxwell's Capacitive Co  Air            0%         ∞         100%        8


Dungeon Overview and Level Annotations

Branches:
Dungeon (6/15)             Temple (0/1) D:6           Sewer (visited)

Altars:
Elyvilon
Hepliaklqana
Makhleb
Uskayaw
Wu Jian
Yredelemnul

Annotations:
D:3 exclusion: downstairs
D:5 Pikel
D:6 Sigmund


Innate Abilities, Weirdness & Mutations

You have a pair of horns on your head.
You reflexively headbutt those who attack you in melee.


Message History

Deactivating autopickup; reactivate with Ctrl-A.
Something hits you.
There is an open door, spattered with blood here.
You barely miss something.
You feel less confused. Something hits you.
You miss something. Your headbutt misses something.
You block something's attack.
You miss something. Something hits you. x2
You barely miss something. You headbutt something! Something hits you.
You slash something! You headbutt something. Something hits you.
You can now pass through a line of other dancers.
You barely miss something. Your headbutt misses something.
Something hits you but does no damage.
You completely miss something. Your headbutt misses something.
You hear some strange, mumbled words.
Something tries to affect you, but you resist.
You barely miss something. Your headbutt misses something.
You hear some strange, mumbled words.
A magic dart appears from out of thin air!
The magic dart hits you.
You hear some strange, mumbled words.
A magic dart appears from out of thin air!
The magic dart hits you!
* * * LOW HITPOINT WARNING * * *
You closely miss something. Something hits you.
* * * LOW HITPOINT WARNING * * *
x2 You closely miss something.
You headbutt something.
You hear some strange, mumbled words.
A puff of flame appears from out of thin air!
The puff of flame hits you but does no damage.
You can no longer pass through a line of other dancers.
You feel much better. Something hits you.
You closely miss something. Something hits you!
* * * LOW HITPOINT WARNING * * *
Something hits you!
* * * LOW HITPOINT WARNING * * *
x2 You completely miss something.
Something hits you!
* * * LOW HITPOINT WARNING * * *
You die...

#.##...##.......
#.#.8.8.########
#.#.._..# # #.#...8.# #
+#.#'...### #
..#####(..#####.## ##
....)...⌠..)))...#####.
.#####...#####........
#...@#.#'...##.......
#?8..{#.#...8.#....###
#.._..#.#.._..#....###
#.8.8.#.#.8.8.#.......
##...##.##...##....###
..#### ... ####.....#
....### #.# ......#
..#....##.##
............


There were no monsters in sight!

Vanquished Creatures
  Grinder (D:6)
  Edmund (D:5)
  An orc warrior (D:6)
  Purgy (Sewer)
  A black bear (D:5)
  An ogre (D:4)
  A phantom (D:5)
  A lemure (D:5)
  A bullfrog (D:6)
  2 scorpions (D:6)
  2 bullfrog zombies (D:6)
  A jelly (D:6)
  Ijyb (D:4)
  2 iguanas
  5 orc wizards
  A hound skeleton (D:4)
  A howler monkey skeleton (D:5)
  8 adders
  A white imp (D:6)
  2 ufetubi
  2 worms
  A dart slug (D:1)
  10 orcs
  7 ball pythons
  9 endoplasms
  4 giant cockroaches
  8 goblins
  7 hobgoblins
  14 jackals
  2 quokkas
  8 bats
  5 frilled lizards
  3 kobolds
  5 rats
  A spectral orc (D:3)
121 creatures vanquished.

Vanquished Creatures (others)
  18 plants
18 creatures vanquished.

Grand Total: 139 creatures vanquished

Notes
Turn   | Place    | Note
-------+----------+-------------------------------------------
     0 | D:1      | freelancePsychic the Minotaur Fighter began the quest for
                  | the Orb.
     0 | D:1      | Reached XP level 1. HP: 19/19 MP: 0/0
   180 | D:1      | Reached XP level 2. HP: 27/27 MP: 1/1
   203 | D:1      | Reached skill level 3 in Axes
   891 | D:1      | Reached XP level 3. HP: 33/33 MP: 2/2
  1127 | D:1      | Found a faded altar of an unknown god.
  1519 | D:2      | Reached skill level 4 in Axes
  1580 | D:2      | Found a white marble altar of Elyvilon.
  1600 | D:2      | Became a worshipper of Elyvilon the Healer
  1732 | D:3      | Reached XP level 4. HP: 35/41 MP: 3/3
  1916 | D:3      | Found a basalt altar of Yredelemnul.
  2328 | D:3      | Reached skill level 1 in Invocations
  2505 | D:3      | Reached XP level 5. HP: 39/47 MP: 4/4
  2698 | D:4      | Reached * piety under Elyvilon
  2723 | D:4      | Reached skill level 5 in Axes
  2748 | D:4      | Noticed an ogre
  2884 | D:4      | Noticed Ijyb
  2892 | D:4      | Paralysed by Ijyb for 3 turns
  2899 | D:4      | Killed Ijyb
  2900 | D:4      | Reached skill level 5 in Fighting
  2929 | D:4      | Killed an ogre
  2930 | D:4      | Reached XP level 6. HP: 36/56 MP: 6/6
  3137 | D:4      | Found a burning altar of Makhleb.
  3137 | D:4      | Found a hide-covered altar of Uskayaw.
  3435 | D:4      | Fell from the grace of Elyvilon
  3435 | D:4      | Became a worshipper of Uskayaw the Reveller
  3464 | D:5      | Entered Level 5 of the Dungeon
  3477 | D:5      | Reached * piety under Uskayaw
  3483 | D:5      | Reached ** piety under Uskayaw
  3484 | D:5      | Reached skill level 6 in Axes
  3492 | D:5      | Noticed Pikel
  3526 | D:5      | Found a glowing drain.
  3601 | Sewer    | Entered a sewer
  3659 | Sewer    | Noticed Purgy
  3664 | Sewer    | Killed Purgy
  3664 | Sewer    | Reached *** piety under Uskayaw
  3665 | Sewer    | Reached skill level 7 in Axes
  3665 | Sewer    | Reached XP level 7. HP: 62/62 MP: 8/8
  3867 | D:5      | Noticed Edmund
  3879 | D:5      | Reached **** piety under Uskayaw
  3882 | D:5      | Killed Edmund
  4352 | D:5      | Noticed a komodo dragon
  4388 | D:6      | Found a staircase to the Ecumenical Temple.
  4398 | D:6      | Reached skill level 8 in Axes
  4490 | D:6      | Noticed Grinder
  4502 | D:6      | Reached XP level 8. HP: 71/71 MP: 9/9
  4512 | D:6      | Paralysed by Grinder for 7 turns
  4523 | D:6      | Killed Grinder
  4661 | D:6      | Reached skill level 9 in Axes
  4779 | D:6      | Found a white marble altar of Elyvilon.
  4782 | D:6      | Found an ornate altar of the Wu Jian Council.
  4785 | D:6      | Found a hazy altar of Hepliaklqana.
  4785 | D:6      | Noticed Sigmund
  4804 | D:6      | HP: 2/73 [something (8)]
  4804 | D:6      | Slain by Sigmund

Illustrated notes

Levels and vault maps discovered:
D:1:      lemuel_arrival_cross, layout_loops_corners,
          shapermc_ecumenical_altar_mp_vishouse, minmay_pentomino_x2
D:2:      layout_basic, basic_altar, serial_bayou_lake_a
D:3:      layout_loops_ring, yredelemnul_forgotten_temple_becter, st_stairs_2
D:4:      layout_rooms, chequers_temple_overflow_statue_of_worship, uniq_ijyb
D:5:      layout_basic, mainiacjoe_overflow_cross_hatched, portal_sewer_entry_d,
          kennysheep_generic_room_3, uniq_edmund, uniq_pikel
D:6:      layout_rooms, grunt_temple_overflow_cloverleaf,
          minmay_temple_entry_stoned_glass, grunt_decor_mini_mirrors,
          uniq_grinder, uniq_sigmund

Skill      XL: |  1  2  3  4  5  6  7  8 |
---------------+-------------------------+-----
Axes           | 3 4 5 7 8 9 |  9.3
Fighting       | 4 5 6 7 |  7.3
Armour         | 4 |  4.0
Invocations    | 1 2 3 4 |  4.6
Shields        | |  3.7

Action                   |  1- 3 |  4- 6 |  7- 9 || total
-------------------------+-------+-------+-------++-------
Melee: War axe           |    92 |   127 |    89 ||   308
       Headbutt          |    14 |    15 |    18 ||    47
Evoke: Wand              |       |     3 |       ||     3
  Use: Scroll            |     1 |     5 |     2 ||     8
       Potion            |       |     1 |     1 ||     2
 Stab: Paralysed         |       |     2 |     8 ||    10
Armor: Scale mail        |    49 |    79 |    42 ||   170
Dodge: Dodged            |    22 |    46 |    21 ||    89
Block: Kite shield       |    50 |    75 |    36 ||   161

Table legend: (Time is in decaauts)
 A = Elapsed time spent in this place.
 B = Non-inter-level travel time spent in this place.
 C = Inter-level travel time spent in this place.
 D = Time resting spent in this place.
 E = Time spent auto-exploring this place.
 F = Levels seen in this place.
 G = Mean time per level.
                   A        B        C        D        E       F      G
               +--------+--------+--------+--------+--------+-----+--------+
         Total |   5013 |   4835 |    178 |    189 |   3666 |   7 |  716.1 |
       Dungeon |   4785 |   4607 |    178 |    189 |   3510 |   6 |  797.5 |
         Sewer |    228 |    228 |      0 |      0 |    155 |   1 |  228.0 |
               +--------+--------+--------+--------+--------+-----+--------+

Top non-repeatable levels by time:
     D:1: 1182 daAuts
     D:3: 1051 daAuts
     D:5: 766 daAuts
     D:4: 738 daAuts
     D:2: 612 daAuts
     D:6: 434 daAuts
   Sewer: 228 daAuts
